 Dungeon Crawl Stone Soup version 0.27.1-37-g7b29ead8ac (console) character file.

Game seed: 18049415822441272310

7539 grimtooth the Summoner (level 11, -4/81 HPs)
             Began as a Barachi Summoner on July 17, 2023.
             Was an Elder of Elyvilon.
             Hit by a large rock thrown by a stone giant (33 damage)
             ... on level 11 of the Dungeon on July 19, 2023.
             The game lasted 01:23:52 (15729 turns).

grimtooth the Summoner (Barachi Summoner)          Turns: 15729, Time: 01:23:52

Health: -4/81      AC: 11    Str: 11    XL:     11   Next: 16%
Magic:  0/20       EV: 12    Int: 16    God:    Elyvilon [****..]
Gold:   478        SH:  0    Dex: 14    Spells: 5/22 levels left

rFire    . . .     SeeInvis .   a - +7 dagger of Sunlight {holy, rCorr}
rCold    . . .     Faith    .   (no shield)
rNeg     . . .     Spirit   .   j - +0 steam dragon scales
rPois    +         Reflect  .   (no helmet)
rElec    .         Harm     .   J - +1 cloak {Will+}
rCorr    +         Rampage  .   (no gloves)
Will     +....                  (no boots)
Stlth    ++........             i - amulet of the acrobat
HPRegen  0.23/turn              o - ring of poison resistance
MPRegen  0.17/turn              s - +4 ring of protection

@: slow
A: amphibious, slowness 1, strong legs 1, +LOS
a: Hop, Renounce Religion, Lesser Healing, Heal Other, Purification, Greater
Healing, Divine Protection


You were on level 11 of the Dungeon.
You worshipped Elyvilon.
Elyvilon was greatly pleased with you.
You visited 2 branches of the dungeon, and saw 12 of its levels.

You collected 478 gold pieces.

Inventory:

Hand Weapons
 a - the +7 dagger of Sunlight (weapon) {holy, rCorr}
   (You found it on level 4 of the Dungeon)

   It has been blessed by the Shining One to cause great damage to the undead
   and demons.
   rCorr:     It protects you from acid and corrosion.
 b - a +3 dagger
Missiles
 c - 72 poisoned darts (quivered)
 d - 86 stones
 p - 3 silver boomerangs
 t - 105 sling bullets
 u - 24 boomerangs
 I - 2 curare-tipped darts
 O - 7 javelins
Armour
 j - +0 steam dragon scales (worn)
 G - a +0 buckler of protection
 J - a +1 cloak of willpower (worn)
Jewellery
 i - an amulet of the acrobat (around neck)
 o - a ring of poison resistance (left hand)
 s - a +4 ring of protection (right hand)
 y - an amulet of faith
 K - a ring of resist corrosion
Wands
 k - a wand of iceblast (6)
 v - a wand of mindburst (7)
 H - a wand of flame (31)
 N - a wand of polymorph (5)
Scrolls
 e - 3 scrolls of teleportation {unknown}
 f - a scroll of noise {unknown}
 h - 2 scrolls of vulnerability {unknown}
 n - 3 scrolls of silence
 q - 3 scrolls of immolation
 B - 2 scrolls of enchant weapon
 C - a scroll of enchant armour {unknown}
 D - a scroll of holy word {unknown}
 E - 2 scrolls of fog {unknown}
 F - a scroll of acquirement {unknown}
 P - a scroll of magic mapping {unknown}
 Q - a scroll of fear {unknown}
Potions
 g - a potion of attraction
 l - 4 potions of curing
 m - a potion of mutation
 r - 2 potions of flight {unknown}
 w - 2 potions of might
 x - 3 potions of lignification
 z - a potion of cancellation
 A - 2 potions of brilliance
 L - a potion of degeneration {unknown}
 R - a potion of berserk rage {unknown}
Miscellaneous
 M - a tin of tremorstones (2/2)


   Skills:
 - Level 6.0 Fighting
 - Level 6.0 Short Blades
 - Level 2.1 Dodging
 - Level 1.7 Stealth
 - Level 6.0 Spellcasting
 - Level 6.0 Hexes
 - Level 10.1 Summonings
 - Level 6.0 Ice Magic
 - Level 6.0 Air Magic
 * Level 5.2 Invocations
 + Level 4.4 Evocations


You had 5 spell levels left.
You knew the following spells:

 Your Spells              Type           Power      Damage    Failure   Level
e - Call Imp              Summ           37%        N/A       1%          2
B - Summon Ice Beast      Ice/Summ       30%        N/A       4%          4
L - Summon Small Mammal   Summ           100%       N/A       1%          1
M - Summon Guardian Gole  Hex/Summ       30%        N/A       1%          3
N - Call Canine Familiar  Summ           37%        N/A       1%          3
P - Summon Lightning Spi  Summ/Air       30%        N/A       4%          4

Your spell library contained the following spells:

 Spells                   Type           Power      Damage    Failure   Level
 Frozen Ramparts          Ice            48%        1d6       3%          3
 Beastly Appendage        Tmut           8%         N/A       14%         1
 Magic Dart               Conj           16%        1d3       14%         1
 Mephitic Cloud           Conj/Pois/Air  11%        N/A       19%         3
 Wereblood                Tmut           4%         N/A       21%         2
 Ice Form                 Ice/Tmut       14%        N/A       36%         4
 Spider Form              Tmut/Pois      2%         N/A       38%         3
 Animate Dead             Necr           2%         N/A       80%         4
 Haunt                    Necr/Summ      10%        N/A       100%        7
 Infestation              Necr           2%         N/A       100%        8


Dungeon Overview and Level Annotations

Branches:
Dungeon (11/15)            Temple (1/1) D:5             Orc (0/2) D:9
   Lair: D:8-11

Altars:
Ashenzari
Cheibriados
Dithmenos
Elyvilon
Fedhas
Gozag
Hepliaklqana
Kikubaaqudgha
Makhleb
Nemelex Xobeh
Okawaru
Qazlal
Ru
Sif Muna
Trog
Uskayaw
Vehumet
Wu Jian
Xom
Yredelemnul
Zin
The Shining One

Shops:
D:8 *

Annotations:
D:7 exclusion: ice statue
D:8 exclusions: acid dragon and gnoll


Innate Abilities, Weirdness & Mutations

You are amphibious.
You cover ground slowly.
You can hop short distances.
You have an extended range of vision and can be seen from far away.


Message History

Confirm with . or Enter, or press ? or * to list all spells.
A chill wind blows around you. The stone giant hits your ice beast!
Your ice beast hits the stone giant but does no damage.
The stone giant throws a large rock.
The large rock hits your ice beast!!!
Your ice beast dies!
Your ice beast disappears in a puff of smoke!
Your ice beast hits the stone giant.
Your ice beast freezes the stone giant!
Casting: Summon Ice Beast (dangerous; 4% risk of failure)
Confirm with . or Enter, or press ? or * to list all spells.
A chill wind blows around you.
The stone giant throws a large rock.
The large rock hits you!!!
Ouch! That really hurt!
* * * LOW HITPOINT WARNING * * *
Your ice beast hits the stone giant but does no damage.
Okay, then.
Okay, then.
Okay, then.
Unknown command.
Enter note: - crap
Okay, then.
Press: ? - help, v - describe, . - travel
Here: a stone giant, quivering large rocks (moderately wounded, ally target)
The floor, spattered with blood.
Okay, then.
Unknown command.
Okay, then.
Okay, then.
Saving game... please wait.
Welcome back, grimtooth the Barachi Summoner.
Elyvilon says: Go forth and aid the weak!
Press ? for a list of commands and other information.
Okay, then.
Okay, then.
Okay, then.
Press: ? - help, v - describe, . - travel
Here: a stone giant, quivering large rocks (moderately wounded, ally target)
The floor, spattered with blood.
Okay, then.
You are healed.
The stone giant throws a large rock.
The large rock hits you!!
You die...

##.# #.# #.# ####
##+# #.H.### #...
##..# #... #.###
#...
###.###########...
#YC...............
#§################
#@# #.# #Y. ....
..... #### ......+
.... ......# .###
..##...# .. ...#


You could see a stone giant (ally target) and 2 friendly ice beasts.

Vanquished Creatures
  Pikel (D:6)
  An orc knight (D:10)
  A hornet (D:10)
  A shadow (D:11)
  A wyvern (D:8)
  A basilisk (D:8)
  7 yaks
  A steam dragon (D:6)
  Edmund (D:5)
  4 orc warriors
  2 water moccasins (D:7)
  A sky beast (D:7)
  A hornet zombie (D:8)
  An ice beast (D:7)
  A centaur (D:7)
  3 necrophages (D:6)
  A phantom (D:6)
  3 lemures
  A water moccasin zombie (D:6)
  A scorpion (D:6)
  A water moccasin skeleton (D:5)
  12 killer bees
  A howler monkey (D:7)
  2 hounds (D:5)
  A jelly (D:7)
  An orc priest (D:6)
  3 orc wizards
  A hound skeleton (D:4)
  3 adders
  A gnoll (D:4)
  A howler monkey skeleton (D:4)
  A shadow imp (D:5)
  2 worms
  2 dart slugs
  19 orcs
  A ball python (D:4)
  A bat (D:1)
  2 endoplasms
  4 giant cockroaches
  3 goblins
  6 hobgoblins
  5 jackals
  4 kobolds
  4 quokkas
  3 rats
118 creatures vanquished.

Vanquished Creatures (collateral kills)
  2 two-headed ogres
  A cyclops (D:9)
  2 manticores
  A gargoyle (D:11)
  A troll (D:9)
  2 wyverns
  A vampire (D:9)
  7 yaks
  Eustachio (D:4)
  An orc warrior (D:9)
  A scorpion (D:3)
  A killer bee (D:9)
  2 jellies
  2 orc priests (D:6)
  A hound (D:4)
  An iguana (D:4)
  A killer bee zombie (D:6)
  A howler monkey zombie (D:8)
  2 adders (D:3)
  4 gnolls (D:4)
  3 worms (D:2)
  A dart slug (D:3)
  7 orcs
  7 ball pythons
  3 endoplasms
  6 goblins
  3 hobgoblins
  4 jackals
  2 bats (D:1)
  A frilled lizard (D:1)
  2 rats (D:1)
74 creatures vanquished.

Vanquished Creatures (others)
  An orc warrior (D:6)
  An orc wizard (D:6)
  3 plants (D:7)
5 creatures vanquished.

Grand Total: 197 creatures vanquished

Notes
Turn   | Place    | Note
-------+----------+-------------------------------------------
     0 | D:1      | grimtooth the Barachi Summoner began the quest for the Orb.
     0 | D:1      | Reached XP level 1. HP: 13/13 MP: 3/3
   238 | D:1      | Reached skill level 5 in Summonings
   517 | D:1      | Reached XP level 2. HP: 15/19 MP: 3/5
  2198 | D:2      | Learned a level 2 spell: Call Imp
  2500 | D:2      | Reached XP level 3. HP: 13/24 MP: 5/7
  3151 | D:2      | Learned a level 3 spell: Call Canine Familiar
  3751 | D:3      | Reached XP level 4. HP: 30/30 MP: 1/8
  3755 | D:3      | Reached skill level 1 in Short Blades
  3764 | D:3      | Reached skill level 6 in Summonings
  4205 | D:4      | Noticed a scorpion
  4220 | D:3      | Killed a scorpion
  4357 | D:4      | Reached XP level 5. HP: 29/35 MP: 5/9
  4438 | D:4      | Found a snail-covered altar of Cheibriados.
  4438 | D:4      | Found a bloodstained altar of Trog.
  4620 | D:4      | Reached skill level 7 in Summonings
  4685 | D:4      | Identified the +7 dagger of Sunlight {holy, rCorr}
  4790 | D:4      | Noticed Eustachio
  5041 | D:4      | Reached XP level 6. HP: 19/41 MP: 6/10
  5471 | D:4      | Killed Eustachio
  5472 | D:4      | Reached skill level 8 in Summonings
  5644 | D:5      | Entered Level 5 of the Dungeon
  5753 | D:5      | Learned a level 3 spell: Summon Guardian Golem
  6043 | D:5      | Found a staircase to the Ecumenical Temple.
  6050 | Temple   | Entered the Ecumenical Temple
  6278 | Temple   | Became a worshipper of Elyvilon the Healer
  6316 | D:5      | Reached XP level 7. HP: 46/46 MP: 11/11
  6317 | D:5      | Noticed Edmund
  6362 | D:5      | - sonofabitch
  6364 | D:5      | - that is probably going to be bad
  6364 | D:5      | Was placed under penance by Elyvilon
  6365 | D:5      | - this is just goin nuts
  6366 | D:5      | - somebody needs to explode here
  6366 | D:5      | Fell from the grace of Elyvilon
  6366 | D:5      | Killed Edmund
  6367 | D:5      | Reached skill level 1 in Hexes
  6367 | D:5      | Reached skill level 9 in Summonings
  6367 | D:5      | - did i get excommunicated... that is a new one
  6428 | Temple   | Became a worshipper of Elyvilon the Healer
  6429 | Temple   | - so actually better than dealing with penance
  6511 | D:5      | Found a hide-covered altar of Uskayaw.
  6804 | D:6      | Noticed Pikel
  6963 | D:6      | Reached * piety under Elyvilon
  7193 | D:6      | - that was careless
  7344 | D:6      | Found a broken altar of Ashenzari.
  7481 | D:6      | Noticed a steam dragon
  7489 | D:6      | Killed a steam dragon
  7490 | D:6      | Reached skill level 1 in Fighting
  7490 | D:6      | Reached XP level 8. HP: 36/54 MP: 10/14
  7521 | D:6      | Killed Pikel
  7848 | D:6      | Reached skill level 5 in Short Blades
  8123 | D:6      | Reached skill level 5 in Fighting
  8279 | D:6      | Reached XP level 9. HP: 68/68 MP: 15/15
  8596 | D:6      | Reached skill level 10 in Summonings
  8625 | D:6      | Learned a level 4 spell: Summon Lightning Spire
  8937 | D:6      | Reached ** piety under Elyvilon
  9192 | D:7      | Reached skill level 1 in Air Magic
  9659 | D:7      | Noticed an ice statue
  9809 | D:7      | Reached skill level 5 in Spellcasting
 10023 | D:7      | Found a stormy altar of Qazlal.
 10919 | D:8      | Found a glowing golden altar of the Shining One.
 10979 | D:8      | Reached skill level 5 in Hexes
 11108 | D:8      | Reached *** piety under Elyvilon
 11114 | D:8      | Learned a level 4 spell: Summon Ice Beast
 11184 | D:8      | Found Tag Paet's Neck Hole.
 11756 | D:8      | Reached XP level 10. HP: 48/76 MP: 7/18
 11766 | D:8      | Reached skill level 5 in Air Magic
 12163 | D:9      | Reached skill level 1 in Ice Magic
 12560 | D:9      | Noticed a manticore
 12561 | D:9      | - ok this is going poorly
 12585 | D:9      | Killed a manticore
 12619 | D:9      | - well that was tricky
 12870 | D:9      | Found a staircase to the Orcish Mines.
 12950 | D:9      | Noticed a cyclops
 12971 | D:9      | Killed a cyclops
 13410 | D:9      | Reached **** piety under Elyvilon
 13437 | D:10     | Entered Level 10 of the Dungeon
 13440 | D:10     | Noticed a two-headed ogre
 13485 | D:9      | - how does this ^&%$ keep hitting me
 13485 | D:9      | - oh i'm barachi... always forgetting that
 13497 | D:9      | Killed a two-headed ogre
 13498 | D:9      | Reached skill level 5 in Ice Magic
 13977 | D:10     | Reached skill level 1 in Invocations
 13977 | D:10     | Reached skill level 1 in Evocations
 14065 | D:10     | Noticed an orc knight
 14086 | D:10     | Killed an orc knight
 14243 | D:10     | Found an ancient bone altar of Kikubaaqudgha.
 14255 | D:10     | Noticed a two-headed ogre
 14288 | D:10     | Found a hazy altar of Hepliaklqana.
 14289 | D:10     | Found a shimmering altar of Xom.
 14289 | D:10     | Noticed a kobold demonologist
 14290 | D:10     | Noticed a spectral ugly thing
 14290 | D:10     | Noticed a cane toad
 14295 | D:10     | Noticed a manticore
 14306 | D:10     | Killed a manticore
 14793 | D:10     | Reached XP level 11. HP: 53/81 MP: 17/20
 15473 | D:10     | Killed a two-headed ogre
 15474 | D:10     | Reached skill level 5 in Invocations
 15705 | D:11     | Noticed a manticore
 15722 | D:11     | Noticed a stone giant
 15722 | D:11     | - oh god its one of those ood vaults is it not
 15729 | D:11     | - crap
 15729 | D:11     | Hit by a large rock thrown by a stone giant

Illustrated notes #......# #.......####...# ...#...# #.............## ...##..# ############### ...##..# ##.##.>## ##### ##......# #...# #######.# #...# # #.# #...# # ###.######h8.# # #...##.8.#.o@# #.###.....oo@# #.# #8.>.8.### #####.###......# #........#.8.#.# #.####.###.#...# #.#.#.##### ## #.#.#.# .#..#.#.oo####### o..o.#.#.......# #...#.#####.# ..o.#..!.# Turn 6362 on D:5: - sonofabitch #......# #.......####...# ...#...# #.............## ...##..# ############### ...##..# ##.##.>## ##### ##......# #...# #######.# #...# # #.# #...# # ###.######h8.# # #...##.8.#.o@# #.###.....oo@# #.# #8.>.8.### #####.###......# #........#.8.#.# #.####.###.#...# #.#.#.##### ## #.#.#.# .#..#.#.oo####### o..o.#.#.......# #...#.#####.# ..o.#..!.# Turn 6364 on D:5: - that is probably going to be bad ...#......##..# ############## ####......##..# # #÷####.##.>## ##### ####'####......# #...# ##.....#######.# #...# .......# #.# #...# .......# ###.######.8.# ...#'### #...##.8.#ho@# ...#.# #.###.....o.§# ...#.# #.# #8.>.8o### ...#.# #####.###@.....# ...#.# #........#.8.#.# ##.#.# #.####.###.#...# .....# #.#.#.##### ###### ## #.#.#.# .#..#.#.o.####### o..o.#.#.......# #...#.#####.# ..o.#..!.# #..#<.†###.# ## #..: .# Turn 6365 on D:5: - this is just goin nuts ...#......##..# ############## ####......##..# # #÷####.##.>## ##### ####'####......# #...# ##.....#######.# #...# .......# #.# #...# .......# ###.######.8.# ...#'### #...##.8.#ho.# ...#.# #.###....o.@§# ...#.# #.# #8.>.8o### ...#.# #####.###@.....# ...#.# #........#.8.#.# ##.#.# #.####.###.#...# .....# #.#.#.##### ###### ## #.#.#.# .#..#.#.o.####### o..o.#.#.......# #...#.#####.# ..o.#..!.# #..#<.†###.# ## #..: .# Turn 6366 on D:5: - somebody needs to explode here ...#......##..# ############## ####......##..# # #÷####.##.>## ##### ####'####......# #...# ##.....#######.# #...# .......# #.# #...# .......# ###.######.§§# ...#'### #...##.8.#°°§# ...#.# #.###....○§○.# ...#.# #.# #8.>§8○### ...#.# #####.###@...§§# ...#.# #........#.8.#.# ##.#.# #.####.###.#...# .....# #.#.#.##### ###### ## #.#.#.# .#..#.#.o.####### o..o.#.#.......# #...#.#####.# ..o.#..!.# #..#<.†###.# ## #..: .# Turn 6367 on D:5: - did i get excommunicated... that is a new one ♣♣≈≈♣ ♣ ♣♣≈≈♣ ♣♣♣ ♣♣ ♣♣≈≈♣♣ #.##♣♣ .♣♣♣≈≈≈♣♣ ♣#....♣ #..♣≈≈≈≈♣♣♣ ♣♣.._.♣♣♣♣ #...≈≈≈≈..♣♣♣........♣ #..≈≈≈≈.....♣.#......♣♣ ..≈≈≈#................♣ ♣≈≈≈≈.._.............♣♣ .≈≈≈................♣♣ .≈≈≈≈♣....♣.....@....♣ ..≈≈≈♣♣............♣♣♣ ..♣♣≈♣♣♣.........♣♣♣ ♣♣♣♣≈≈♣♣♣..♣.......♣♣ ♣ ♣♣≈♣♣♣♣♣...#.....♣♣ ♣♣♣ ♣≈≈♣♣♣♣....#.....♣♣ ..♣♣♣♣≈≈≈♣♣♣._........♣ .♣♣.♣♣♣♣≈≈♣♣.........♣♣ #...._♣♣♣≈≈♣..........♣♣ #..#...♣♣≈≈≈≈.......#..♣♣ ....##..♣♣≈≈≈....._.♣...♣ Turn 6429 on Temple: - so actually better than dealing with penance .....##...<..# .# .........#.....## ..##...........).### ......###.......## # .....###...>...####. #............#...... .........#####..... #....... ##..... ##..# #.# #...... .## ##...###.# ##...... ....#)).@....# ###..#.... ...............###...##...# #....................# ..## #......###)....####..# #.# ##..... ##...## .......# ....... .....## ..#......# .....# #....... ..##..###.. .... ..... #...###...# #..# . #... .... #...# #..# #..# #.o# ..... ##..#...# #.o# .....# ... .# Turn 7193 on D:6: - that was careless ##.# #..# #.## #.# #.# #.# #{# #Y# #h# #.# #@# #...# ....... ###...##H. ##.## ... #.# #.. #.# # #!. ### Turn 12561 on D:9: - ok this is going poorly #{# #§# #.# #.# ##.# #...### # ........#########.## ###...##(............ ##.###............. #{# #.#........# #.####.h@######## #!...†..## #######.# #. #. .. ## Turn 12619 on D:9: - well that was tricky

....#
#.......###########........
###.# #.#####.# #...###.#
#.###.#####.# #...# #..
#.....##.##.###########...#
###
####..#.#.#...............#
##..##.##..#............#####
##..........#.########..#....#
####.###...###.#.# #.#.###.#
.)...# #...# #.#.# #o....#.#
####.###.#.# #.#.# #........
(.###...##.###.#@# #.###.#.#
#.#
##.#.....#.#O########.###.#.#
#.#
#.#.#.#.#.#h#>.h..o......#.#
#.#
#.........#.#..#####.###.#.#
#.# ###.#.#...[.##.#####.#
#.#.# #.# #...........h......#
#.#.# #.# #####.######.#######
#.#.. ..# #.# #.# #####.#..
.## #.# #.# #.......# .# #.#
#.# #.###.#.# .# ##.# #.# #.#
#.#.#


Turn 13485 on D:9: - how does this ^&%$ keep hitting me ##.# #.# #.# #### ##+#
#.H.### #... ##..# #... #H### #... ###C###########... #.................
#h################ #@# #.# #.. .... ..... #### ......+ .... ......# .###
..##...# .. ...# Turn 15722 on D:11: - oh god its one of those ood vaults is it
not ##.# #.# #.# #### ##+# #.H.### #... ##..# #... #.### #... ###.###########...
#YC............... #§################ #@# #.# #Y. .... ..... #### ......+ ....
......# .### ..##...# .. ...# Turn 15729 on D:11: - crap

Levels and vault maps discovered:
D:1:      co_arrival_random_square_maze, layout_loops_cross, st_stairs_3,
          kennysheep_decorative_pillar
D:2:      layout_rooms, supply_closet_lemuel
D:3:      layout_basic
D:4:      layout_rooms, gammafunk_temple_overflow_wave, minmay_pentangle,
          uniq_eustachio
D:5:      corexii_shack_village, layout_basic, lemuel_crystal_altar,
          minmay_temple_entry_statues_pillars, uniq_edmund
D:6:      layout_layer_cave, ashenzari_altar_1, uniq_pikel
D:7:      lemuel_ice_statue, layout_loops_ring, lemuel_round_altar,
          serial_bayou_pond_e, roderic_roman_lattice
D:8:      layout_basic, mainiacjoe_overflow_boulevard, erik_lair_dragon,
          corexii_leaking_fountain, nicolae_shop_sticking_my_neck_out
D:9:      layout_loops_ring, orc_0_dummy
D:10:     layout_basic, regret_index_temple_of_mockery, old_standard_altar
D:11:     minmay_chopped_fan, layout_basic, serial_aquarium,
          aquarium_bridge_square [aquarium_subvault_window,
          aquarium_subvault_bridge, aquarium_subvault_balcony,
          aquarium_subvault_window], aquarium_window_1,
          aquarium_window_corridor_3, aquarium_view_2c, grunt_decor_resistance
Temple:   oiseaux_autumnal_temple

Skill      XL: |  1  2  3  4  5  6  7  8  9 10 11 |
---------------+----------------------------------+-----
Summonings     | 5 6 7 8 9 10 | 10.1
Spellcasting   | 3 4 5 6 |  6.0
Short Blades   | 2 3 5 6 |  6.0
Hexes          | 3 5 6 |  6.0
Fighting       | 1 5 6 |  6.0
Air Magic      | 4 6 |  6.0
Ice Magic      | 6 |  6.0
Invocations    | 4 5 |  5.2
Evocations     | 3 4 |  4.4
Dodging        | |  2.1
Stealth        | |  1.7

Action                   |  1- 3 |  4- 6 |  7- 9 | 10-12 || total
-------------------------+-------+-------+-------+-------++-------
Melee: Unarmed           |    15 |       |       |       ||    15
       Dagger            |    85 |   100 |   252 |   162 ||   599
Throw: Dart              |     4 |     4 |    36 |    16 ||    60
       Stone             |       |     3 |       |       ||     3
 Cast: Summon Small Mamm |    47 |     4 |     4 |       ||    55
       Call Imp          |     6 |     6 |       |       ||    12
       Call Canine Famil |     1 |    11 |    12 |    28 ||    52
       Summon Guardian G |       |       |     3 |       ||     3
       Summon Lightning  |       |       |     1 |     1 ||     2
       Summon Ice Beast  |       |       |       |    30 ||    30
Invok: Lesser Healing    |       |       |       |     7 ||     7
       Divine Protection |       |       |       |     1 ||     1
       Greater Healing   |       |       |       |     1 ||     1
 Abil: Hop               |     2 |     2 |     1 |     3 ||     8
Evoke: Wand              |       |       |     5 |    11 ||    16
  Use: Scroll            |       |     5 |     4 |     3 ||    12
       Potion            |       |     1 |     6 |     5 ||    12
 Stab: Sleeping          |     1 |     5 |     3 |     1 ||    10
Armor: Robe              |    29 |    34 |    19 |       ||    82
       Steam dragon scal |       |       |    66 |    34 ||   100
Dodge: Dodged            |    79 |    81 |   165 |   100 ||   425
